 Dungeon Crawl Stone Soup version 0.31-a0-358-gac0dbeb3ab (webtiles) character file.

Game seed: 11955103173609450743

53 BritishOli the Trooper (level 3, -2/29 HPs)
             Began as a Demonspawn Fighter on July 25, 2023.
             Slain by Grinder (7 damage)
             ... on level 3 of the Dungeon.
             The game lasted 00:00:47 (1203 turns).

BritishOli the Trooper (Demonspawn Fighter)         Turns: 1203, Time: 00:00:47

Health: -2/29      AC:  6    Str: 18    XL:     3   Next: 62%
Magic:  3/3        EV:  9    Int:  9    God:
Gold:   70         SH:  4    Dex: 12    Spells: 2/2 levels left

rFire   . . .        a - +0 war axe
rCold   . . .        c - +0 buckler
rNeg    . . .        b - +0 scale mail
rPois   .            (no helmet)
rElec   .            (no cloak)
rCorr   .            (no gloves)
SInv    .            (no boots)
Will    .....        f - amulet of the acrobat Stlth
                     (no ring)
HPRegen 0.24/turn    (no ring)
MPRegen 0.08/turn

%: acrobat
@: no status effects
A: claws 1
a: no special abilities


You were on level 3 of the Dungeon.
You visited 1 branch of the dungeon, and saw 3 of its levels.

You collected 70 gold pieces.

Inventory:

Hand Weapons
 a - a +0 war axe (weapon)
Armour
 b - a +0 scale mail (worn)
 c - a +0 buckler (worn)
Jewellery
 f - an amulet of the acrobat (around neck)
Scrolls
 e - a scroll of identify {unknown}
 h - a scroll of noise {unknown}
 j - a scroll of amnesia {unknown}
 k - a scroll of teleportation {unknown}
 l - 2 scrolls of revelation {unknown}
 m - a scroll of fog {unknown}
Potions
 d - 2 potions of might
 g - 2 potions of cancellation {unknown}
 i - a potion of curing {unknown}


   Skills:
 + Level 3.5 Fighting
 + Level 2.4 Axes
 + Level 3.2 Armour
 - Level 3.0 Shields


You had 2 spell levels left.
You didn't know any spells.
Your spell library was empty.

Dungeon Overview and Level Annotations

Branches:
Dungeon (3/15)

Altars:

Annotations:
D:3 Grinder


Innate Abilities, Weirdness & Mutations

You have sharp fingernails.


Message History

Found 2 gold pieces.
A worm is nearby!
A worm is nearby!
A worm is nearby!
A worm is nearby!
You hit the worm.
The worm is moderately wounded.
A worm is nearby!
You slash the worm!
The worm is severely wounded.
The worm bites you but does no damage.
A worm is nearby!
A worm is nearby!
You slash the worm!
You kill the worm!
Grinder comes into view.
Grinder shouts!
Grinder is nearby!
A frilled lizard comes into view.
There are monsters nearby!
The frilled lizard hisses angrily.
You closely miss Grinder. Grinder hits you but does no damage.
Grinder gestures at you. Pain shoots through your body!
There are monsters nearby!
You closely miss Grinder. You miss the frilled lizard.
The frilled lizard bites you but does no damage.
Grinder hits you but does no damage.
There are monsters nearby!
There are monsters nearby!
You hit Grinder.
Grinder is lightly wounded.
You closely miss the frilled lizard. The frilled lizard bites you.
Grinder gestures at you. Pain shoots through your body!
* * * LOW HITPOINT WARNING * * *
An adder comes into view.
The frilled lizard bites you but does no damage.
Grinder hits you!
You die...

#)# #.#......... #.#
#.#......... #.#
#.#......... #.#
#<#.........
#.##########.........
#.#.............?....
#.#.########.........
#.#.# #.$.....S.
#.#.# #@.♣.(....
#.#.##.....5l.♣......
#.#.##........♣ .....
#.#.##........♣ ...##
#.#.##......... ..#
#.#.##.......... ..#
##.#.##........#.
#....##........#..
######


You could see Grinder, an adder (wandering) and a frilled lizard.

Vanquished Creatures
  A worm (D:3)
  A dart slug (D:1)
  5 orcs (D:3)
  An endoplasm (D:1)
  A giant cockroach (D:2)
  6 goblins
  5 hobgoblins
  4 jackals (D:1)
  4 kobolds (D:1)
  A quokka (D:2)
  2 ball pythons (D:1)
  2 bats (D:1)
  4 rats
37 creatures vanquished.

Notes
Turn   | Place    | Note
-------+----------+-------------------------------------------
     0 | D:1      | BritishOli the Demonspawn Fighter began the quest for the
                  | Orb.
     0 | D:1      | Reached XP level 1. HP: 18/18 MP: 1/1
    83 | D:1      | Gained mutation: You have sharp fingernails. [demonic
                  | ancestry]
    83 | D:1      | Reached XP level 2. HP: 22/24 MP: 2/2
   366 | D:1      | Reached XP level 3. HP: 29/29 MP: 3/3
  1198 | D:3      | Noticed Grinder
  1203 | D:3      | Slain by Grinder

Illustrated notes

Levels and vault maps discovered:
D:1:      noname_arrival_rooms_in_the_neighbourhood, layout_loops_ring
D:2:      layout_rooms, minmay_misc_feat_columns
D:3:      layout_basic, mainiacjoe_overflow_boulevard, amcnicky_altar_gilded,
          old_standard_altar, serial_shops, shop, minmay_vboxes, uniq_natasha,
          uniq_grinder, uniq_terence

Skill      XL: |  1  2 |
---------------+-------+-----
Axes           | 2 |  2.4
Armour         | 3 |  3.2
Shields        | 3 |  3.0
Fighting       | |  3.5

Action                     || total
---------------------------++-------
  Melee: War axe           ||    87
 Armour: Scale mail        ||    50
  Dodge: Dodged            ||    41
  Block: Buckler           ||    14

Table legend: (Time is in decaauts)
 A = Elapsed time spent in this place.
 B = Non-inter-level travel time spent in this place.
 C = Inter-level travel time spent in this place.
 D = Time resting spent in this place.
 E = Time spent auto-exploring this place.
 F = Levels seen in this place.
 G = Mean time per level.
                   A        B        C        D        E       F      G
               +--------+--------+--------+--------+--------+-----+--------+
         Total |   1239 |   1188 |     51 |      0 |    946 |   3 |  413.0 |
       Dungeon |   1239 |   1188 |     51 |      0 |    946 |   3 |  413.0 |
               +--------+--------+--------+--------+--------+-----+--------+

Top non-repeatable levels by time:
     D:1: 725 daAuts
     D:2: 417 daAuts
     D:3: 97 daAuts
